 Dungeon Crawl Stone Soup version 0.30-a0-509-gd016549fea (webtiles) character file.

Game seed: 3451443299800488589

263 themarg the Changer (level 5, 0/67 HPs)
             Began as a Draconian Transmuter on Dec 23, 2022.
             Succumbed to an orc's poison
             ... on level 4 of the Dungeon.
             The game lasted 00:08:27 (3365 turns).

themarg the Changer (Draconian Transmuter)          Turns: 3365, Time: 00:08:28

Health: 0/67       AC: 22    Str: 12    XL:     5   Next: 98%
Magic:  8/9        EV:  2    Int: 22    God:
Gold:   623        SH:  0    Dex: 11    Spells: 4/10 levels left

rFire   . . .      SeeInvis .      - Unarmed
rCold   . . .      Faith    .    (no shield)
rNeg    . . .      Spirit   .    (body armour unavailable)
rPois   +          Reflect  .    (helmet currently unavailable)
rElec   .          Harm     .    (cloak currently unavailable)
rCorr   .          Rampage  .    (gloves currently unavailable)
Will    .....      NoTele   +    (boots currently unavailable)
Stlth   ++........               q - amulet of regeneration
HPRegen 1.11/turn                j - +6 ring of intelligence
MPRegen 0.11/turn                (no ring)

@: lethally poisoned (0 -> -4), tree-form
A: stationary, stasis, torment immunity, boosted hp, AC +5, unfitting armour,
(cold-blooded)
a: no special abilities


You were on level 4 of the Dungeon.
You were a tree.
You visited 1 branch of the dungeon, and saw 4 of its levels.

You collected 707 gold pieces.
You spent 84 gold pieces at shops.

Inventory:

Hand Weapons
 d - a +0 sling
 n - a +1 whip of electrocution
 o - a +1 dagger of electrocution
Missiles
 b - 9 poisoned darts (quivered)
 e - 29 stones
Jewellery
 j - a +6 ring of intelligence (left branch)
 q - an amulet of regeneration (around neck)
Scrolls
 c - 2 scrolls of blinking
 g - a scroll of enchant armour {unknown}
 h - a scroll of teleportation
 p - a scroll of magic mapping {unknown}
Potions
 a - a potion of lignification
 f - 2 potions of haste
 i - a potion of mutation
 k - 3 potions of degeneration
 l - a potion of curing {unknown}
 m - a potion of attraction {unknown}


   Skills:
 * Level 3.4 Fighting
 - Level 1.7 Dodging
 + Level 2.0 Stealth
 - Level 3.2 Unarmed Combat
 - Level 3.0 Spellcasting
 * Level 3.6 Transmutations
 + Level 1.4 Poison Magic


You had 4 spell levels left.
You knew the following spells:

 Your Spells              Type           Power      Damage    Failure   Level
a - Beastly Appendage     Tmut           38%        N/A       2%          1
b - Wereblood             Tmut           19%        N/A       4%          2
c - Spider Form           Tmut/Pois      14%        N/A       13%         3

Your spell library contained the following spells:

 Spells                   Type           Power      Damage    Failure   Level
 Slow                     Hex            12%        N/A       12%         1
 Blink                    Tloc           6%         N/A       19%         2
 Momentum Strike          Conj/Tloc      6%         3d8       19%         2
 Lesser Beckoning         Tloc           6%         N/A       36%         3
 Ice Form                 Ice/Tmut       11%        N/A       52%         4


Dungeon Overview and Level Annotations

Branches:
Dungeon (4/15)
 Temple: D:4-7

Altars:
Uskayaw

Shops:
D:2 ?


Innate Abilities, Weirdness & Mutations

You are a tree.
Your roots penetrate the ground, keeping you stationary.
You cannot be teleported.
You are immune to unholy pain and torment.
Your maximum health is greatly increased.
Your equipment is partially melded.
((Your plain brown scales are hard. (AC +5)))
You cannot fit into any form of body armour.
((You are cold-blooded and may be slowed by cold attacks.))


Message History

Something hits you.
You barely miss something.
You feel sick.
You are no longer poisoned.
The orc hits you with a +2 short sword of venom.
You are poisoned.
You hit something.
You feel very sick. The orc barely misses you. Something hits you.
You hit something.
Reactivating autopickup.
You feel a bit more experienced.
You feel very sick.
The orc hits you with a +2 short sword of venom.
You are more poisoned.
Your Stealth skill increases to level 2!
You barely miss the orc.
You feel very sick. The orc misses you.
You hit the orc but do no damage.
The orc is poisoned.
Your transformation has ended.
* * * LOW HITPOINT WARNING * * *
You feel very sick.
The orc hits you with a +2 short sword of venom.
* * * LOW HITPOINT WARNING * * *
You hit the orc.
The orc is severely wounded.
* * * LOW HITPOINT WARNING * * *
You feel very sick. The orc closely misses you.
Really quaff the potion of lignification? [Y]es or [N]o only, please.
Really quaff the potion of lignification?
You turn into a tree.
Your roots penetrate the ground.
You feel very sick.
The orc hits you with a +2 short sword of venom.
* * * LOW HITPOINT WARNING * * *
You hit the orc but do no damage.
The orc is almost dead.
You die...

## ..# #### #.# ... #.#
##.#######.# #.).)♣..##.#
###########..#o##..#.#
#.........#.#..##....# ###
#.........#..........#########..
+..............##............>.#
#..............##....########..#
#..............................#
#............#.##.##.##..####...
#..............##.##.##..####...


You could see an orc (very poisoned).

Vanquished Creatures
  A necrophage (D:4)
  An orc priest (D:4)
  An iguana (D:4)
  An orc wizard (D:4)
  4 adders
  A dart slug (D:3)
  8 orcs
  7 ball pythons
  6 bats
  6 endoplasms
  2 giant cockroaches
  6 goblins (D:4)
  9 hobgoblins
  3 jackals (D:3)
  6 kobolds
  5 quokkas
  A frilled lizard (D:1)
  5 rats
73 creatures vanquished.

Vanquished Creatures (others)
  A plant (D:1)
1 creature vanquished.

Grand Total: 74 creatures vanquished

Notes
Turn   | Place    | Note
-------+----------+-------------------------------------------
     0 | D:1      | themarg the Draconian Transmuter began the quest for the
                  | Orb.
     0 | D:1      | Reached XP level 1. HP: 16/16 MP: 3/3
   282 | D:1      | Reached XP level 2. HP: 22/23 MP: 3/5
   285 | D:1      | Learned a level 2 spell: Wereblood
   523 | D:1      | Found a faded altar of an unknown god.
   529 | D:1      | Got Plato's Tome of Interference
  1218 | D:2      | Found Panuyvvi's Magic Scroll Emporium.
  1224 | D:2      | Bought a scroll of identify for 24 gold pieces
  1224 | D:2      | Bought a scroll of identify for 24 gold pieces
  1227 | D:2      | Identified a scroll of acquirement
  1228 | D:2      | Bought a scroll of teleportation for 36 gold pieces
  1277 | D:2      | Reached XP level 3. HP: 29/29 MP: 4/6
  1316 | D:2      | Learned a level 3 spell: Spider Form
  1351 | D:2      | Found a hide-covered altar of Uskayaw.
  1820 | D:3      | Reached skill level 1 in Stealth
  1878 | D:3      | Reached XP level 4. HP: 29/36 MP: 5/7
  2181 | D:3      | You fall into a shaft and drop 1 floor!
  2277 | D:4      | Acquired 513 gold pieces
  2309 | D:4      | Identified the +0 leather armour of Claustrophobia {Will+
                  | Regen+ Dex+2}
  2401 | D:4      | Reached skill level 1 in Poison Magic
  2401 | D:4      | Reached XP level 5. HP: 18/44 MP: 2/9
  2778 | D:4      | Identified the +4 ring mail of Twilight {Rampage +Blink}
  3364 | D:4      | HP: 2/67 [orc/+2 short sword of venom (5)]
  3365 | D:4      | Succumbed to an orc's poison

Illustrated notes

Levels and vault maps discovered:
D:1:      lemuel_arrival_funnel, layout_basic,
          shapermc_ecumenical_altar_rom_forum, serial_forest,
          infiniplex_forest_clump_long, infiniplex_forest_clump_medium,
          infiniplex_forest_clump_diagonal, infiniplex_forest_corner_2,
          infiniplex_forest_clump_diagonal, infiniplex_forest_lined_room_3,
          infiniplex_forest_end_1
D:2:      layout_loops_ring, serial_shops, nicolae_diamond_shop, basic_altar
D:3:      layout_basic, serial_glass, glass_columns_c, glass_columns_c
D:4:      layout_basic, serial_glass, glass_columns_a, glass_columns_a,
          glass_columns_b, glass_columns_a, serial_bayou_ford_a,
          hangedman_abyss_or_decor_lesser_grid, minmay_goblin_outpost

Skill      XL: |  1  2  3  4  5 |
---------------+----------------+-----
Fighting       | 2 3 |  3.4
Stealth        | 1 2 |  2.0
Transmutations | 3 |  3.6
Poison Magic   | 1 |  1.4
Spellcasting   | 3 |  3.0
Dodging        | |  1.7
Unarmed Combat | |  3.2

Action                   |  1- 3 |  4- 6 || total
-------------------------+-------+-------++-------
Melee: Unarmed           |   114 |   101 ||   215
       Kick              |    24 |    13 ||    37
       Headbutt          |    13 |     5 ||    18
       Tailslap          |    10 |     8 ||    18
       Punch             |     1 |     4 ||     5
 Fire: Sling             |     3 |       ||     3
Throw: Dart              |       |     6 ||     6
 Cast: Beastly Appendage |    25 |    16 ||    41
       Wereblood         |     4 |     1 ||     5
       Spider Form       |       |     7 ||     7
  Use: Scroll            |     4 |     2 ||     6
       Potion            |       |     1 ||     1
 Stab: Sleeping          |     2 |     1 ||     3
Armor: Skin              |    45 |    17 ||    62
Dodge: Dodged            |    79 |    78 ||   157

Table legend: (Time is in decaauts)
 A = Elapsed time spent in this place.
 B = Non-inter-level travel time spent in this place.
 C = Inter-level travel time spent in this place.
 D = Time resting spent in this place.
 E = Time spent auto-exploring this place.
 F = Levels seen in this place.
 G = Mean time per level.
                   A        B        C        D        E       F      G
               +--------+--------+--------+--------+--------+-----+--------+
         Total |   3357 |   3315 |     42 |    143 |   2548 |   4 |  839.2 |
       Dungeon |   3357 |   3315 |     42 |    143 |   2548 |   4 |  839.2 |
               +--------+--------+--------+--------+--------+-----+--------+

Top non-repeatable levels by time:
     D:4: 1184 daAuts
     D:1: 982 daAuts
     D:2: 818 daAuts
     D:3: 371 daAuts
